 Dungeon Crawl Stone Soup version 0.19.4-8-ga85b6b9 (webtiles) character file.

1116 Grim the Carver (level 8, -7/68 HPs)
             Began as a Minotaur Gladiator on Feb 6, 2017.
             Was an Initiate of the Shining One.
             Mangled by an orc warrior
             ... wielding a +0 dire flail
              (16 damage)
             ... on level 6 of the Dungeon.
             The game lasted 00:12:50 (6304 turns).

Grim the Carver (Minotaur Gladiator)                Turns: 6304, Time: 00:12:51

Health: -7/68      AC:  4    Str: 20    XL:     8   Next: 12%
Magic:  7/7        EV: 13    Int:  7    God:    the Shining One [......]
Gold:   188        SH:  0    Dex: 14    Spells: 0 memorised, 7 levels left

rFire  . . .     SeeInvis .     a - +0 long sword
rCold  . . .     Gourm    .     b - +0 leather armour
rNeg   . . .     Faith    .     (no shield)
rPois  .         Spirit   .     c - +0 hat
rElec  .         Reflect  .     (no cloak)
rCorr  .         Harm     .     y - +0 pair of gloves
MR     .....                    (no boots)
Stlth  +.........               (no amulet)
                                s - +3 ring of dexterity
                                i - ring of wizardry

@: glowing
A: retaliatory headbutt, horns 2
a: Renounce Religion


You were on level 6 of the Dungeon.
You worshipped the Shining One.
The Shining One was noncommittal.
You were hungry.

You visited 1 branch of the dungeon, and saw 6 of its levels.

You collected 188 gold pieces.

Inventory:

Hand Weapons
 a - a +0 long sword (weapon)
Missiles
 d - 2 throwing nets (quivered)
Armour
 b - a +0 leather armour (worn)
 c - a +0 hat (worn)
 y - a +0 pair of gloves (worn)
Jewellery
 i - a ring of wizardry (left hand)
 s - a +3 ring of dexterity (right hand)
Wands
 w - a wand of random effects (30/48)
 x - a wand of flame (35/48)
Scrolls
 e - a scroll of amnesia {unknown}
 g - 2 scrolls of magic mapping {unknown}
 h - 5 scrolls of remove curse
 j - 3 scrolls of enchant armour {unknown}
 k - 2 scrolls of enchant weapon {unknown}
 l - a scroll of teleportation {unknown}
 n - a scroll of recharging {unknown}
 o - a scroll of random uselessness {unknown}
 q - a scroll of fear {unknown}
Potions
 m - 2 potions of flight
 u - 4 potions of curing
 v - a potion of might {unknown}
 z - a potion of degeneration {unknown}
Comestibles
 f - a bread ration
 p - 2 fruits
 r - a royal jelly
 t - 2 beef jerkies


   Skills:
 * Level 5.1 Fighting
 - Level 11.0 Long Blades
 - Level 2.0 Throwing
 - Level 3.2 Dodging


You had 7 spell levels left.
You didn't know any spells.

Dungeon Overview and Level Annotations

Branches:
Dungeon (6/15)
 Temple: D:4-7

Altars:
The Shining One

Shops:
D:5 !(}


Innate Abilities, Weirdness & Mutations

You reflexively headbutt those who attack you in melee.
You have a pair of horns on your head.


Message History

The orc warrior is moderately wounded.
The orc warrior hits you with a dire flail!
You barely miss the orc warrior.
The orc warrior is moderately wounded.
The orc warrior closely misses you. You furiously retaliate!
You headbutt the orc warrior! You closely miss the orc warrior.
The orc warrior is severely wounded.
The orc warrior hits you with a dire flail!!
* * * LOW HITPOINT WARNING * * *
You hit the orc warrior.
The orc warrior is severely wounded.
The orc warrior barely misses you. You furiously retaliate!
You headbutt the orc warrior. You hit the orc warrior.
Your headbutt misses the orc warrior.
The orc warrior is almost dead.
You barely miss the orc warrior.
The orc warrior is almost dead.
The orc warrior hits you with a dire flail!
You die...

... #.# #.# #.#
#.# #.# ##
##.#####..
#...<..#.#
#...##@#.#
#....#o#[#####
#.....o.)....#
........#.#.###.#
#.##...##.#... #
#.......#.###
##...####.. ##.##
.# #. .#


You could see an orc warrior and an orc.

Vanquished Creatures
  Edmund (D:4)
  Duvessa (D:5)
  An ogre (D:5)
  A centaur (D:5)
  A scorpion (D:4)
  Dowan (D:5)
  A water moccasin skeleton (D:5)
  A quasit (D:4)
  2 hounds
  2 orc priests (D:3)
  A bullfrog skeleton (D:5)
  A centaur skeleton (D:4)
  3 orc wizards (D:3)
  4 worker ants (D:4)
  Robin (D:3)
  8 adders
  2 worms
  4 dart slugs
  3 leopard geckos
  13 orcs
  2 ball pythons
  12 bats
  3 giant cockroaches
  17 goblins
  9 hobgoblins
  7 jackals
  A quokka (D:4)
  6 frilled lizards
  2 kobolds
  A leopard gecko skeleton (D:4)
  7 rats
119 creatures vanquished.

Notes
Turn   | Place    | Note
-------+----------+-------------------------------------------
     0 | D:1      | Grim the Minotaur Gladiator began the quest for the Orb.
     0 | D:1      | Reached XP level 1. HP: 18/18 MP: 0/0
    51 | D:1      | Reached skill level 4 in Long Blades
    61 | D:1      | Reached XP level 2. HP: 10/25 MP: 1/1
   649 | D:1      | Reached skill level 5 in Long Blades
   757 | D:1      | Reached XP level 3. HP: 29/30 MP: 2/2
  1744 | D:3      | Reached skill level 6 in Long Blades
  1744 | D:3      | Reached XP level 4. HP: 33/37 MP: 3/3
  2218 | D:3      | Noticed Robin
  2226 | D:3      | Killed Robin
  2490 | D:3      | Reached skill level 7 in Long Blades
  2490 | D:3      | Reached XP level 5. HP: 37/42 MP: 4/4
  2821 | D:3      | Reached skill level 8 in Long Blades
  2944 | D:3      | Reached XP level 6. HP: 50/50 MP: 5/5
  3857 | D:4      | Reached skill level 9 in Long Blades
  4434 | D:4      | Noticed Edmund
  4446 | D:4      | Killed Edmund
  4446 | D:4      | Reached skill level 10 in Long Blades
  4446 | D:4      | Reached XP level 7. HP: 32/56 MP: 6/6
  5167 | D:5      | Entered Level 5 of the Dungeon
  5319 | D:5      | Found Rihops's Distillery.
  5472 | D:5      | Found Liawk's Weapon Shoppe.
  5479 | D:5      | Reached skill level 11 in Long Blades
  5489 | D:5      | Found Cuwn's Gadget Shoppe.
  5560 | D:5      | Noticed Dowan
  5567 | D:5      | Killed Dowan
  5699 | D:5      | Noticed Duvessa
  5911 | D:5      | Killed Duvessa
  5911 | D:5      | Reached XP level 8. HP: 66/66 MP: 7/7
  6044 | D:5      | Found Ruthreh's Antique Weapon Shoppe.
  6169 | D:5      | Found a glowing golden altar of the Shining One.
  6175 | D:5      | Reached skill level 5 in Fighting
  6252 | D:5      | Became a worshipper of the Shining One
  6304 | D:6      | Mangled by an orc warrior

Skill      XL: |  1  2  3  4  5  6  7  8 |
---------------+-------------------------+-----
Long Blades    | 4 5 6 7 8 10 11 | 11.0
Fighting       | 4 5 |  5.1
Throwing       | |  2.0
Dodging        | |  3.2

Action                   |  1- 3 |  4- 6 |  7- 9 || total
-------------------------+-------+-------+-------++-------
Melee: Long sword        |    73 |   133 |    78 ||   284
       Headbutt          |    11 |    34 |    10 ||    55
Throw: Throwing net      |       |     6 |     1 ||     7
  Use: Potion            |       |     2 |       ||     2
       Scroll            |       |     1 |     2 ||     3
  Eat: Chunk             |     3 |     6 |     3 ||    12
       Bread ration      |       |     1 |       ||     1
Armor: Leather armour    |    22 |    16 |    17 ||    55
       Skin              |       |     1 |       ||     1
Dodge: Dodged            |    59 |    73 |    38 ||   170
       Rpst.: Long sword |     9 |    24 |     6 ||    39
